Map: Overgrown Facility

Players

Ratl - Winner!

  • Race: Protoss Protoss
  • League: Silver
  • Spawn Location: 7:00

Chacal - Winner!

  • Race: Protoss Protoss
  • Spawn Location: 9:00

VOD

Have the link to the VOD?

Description

Time

  • Played on: Jan. 12, 2020, 3:46 p.m.
  • Length: 22:54
Show
View Real Time Build Order
Export as new Build Order

Ratl Protoss - Winner!

Build Orders:  

Get SALT Encoding   

  12  0:04  Probe (Chrono Boost)  
  14  0:21  Probe (Chrono Boost)  
  14  0:29  Pylon  
  14  0:33  Probe (Chrono Boost)  
  15  0:49  Assimilator  
  15  0:51  Probe (Chrono Boost)  
  16  1:07  Probe (Chrono Boost)  
  17  1:16  Gateway  
  17  1:24  Probe (Chrono Boost)  
  19  1:41  Probe (Chrono Boost)  
  19  1:43  Assimilator  
  19  1:58  Probe (Chrono Boost)  
  20  2:00  Gateway  
  20  2:15  Probe (Chrono Boost)  
  21  2:22  Cybernetics Core  
  21  2:32  Probe (Chrono Boost)  
  22  2:43  Pylon  
  22  2:49  Probe (Chrono Boost)  
  23  2:58  Pylon  
  24  3:11  Probe (Chrono Boost)  
  24  3:12  Stalker  
  24  3:16  Stalker  
  28  3:25  Probe (Chrono Boost)  
  29  3:42  Probe, Robotics Facility  
  30  3:59  Probe  
  31  4:08  Stalker x2  
  35  4:16  Probe  
  36  4:33  Probe  
  36  4:35  Warp Gate (Chrono Boost)  
  36  4:37  Pylon  
  37  4:50  Probe  
  38  5:07  Probe  
  39  5:12  Robotics Bay  
  39  5:24  Probe  
  39  5:25  Nexus  
  39  5:27  Pylon  
  40  5:41  Probe  
  40  5:49  Forge  
  41  5:55  Forge  
  41  5:58  Probe  
  42  6:15  Probe  
  42  6:19  Stalker  
  45  6:21  Stalker  
  47  6:32  Probe  
  48  6:49  Probe  
  49  6:56  Protoss Ground Weapons Level 1 (Chrono Boost), Protoss Ground Armor Level 1 (Chrono Boost)  
  49  7:05  Probe  
  50  7:15  Assimilator  
  50  7:16  Assimilator  
  50  7:17  Probe  
  50  7:18  Pylon  
  51  7:22  Probe  
  51  7:28  Stalker  
  54  7:31  Stalker  
  54  7:34  Probe  
  57  7:46  Observer (Chrono Boost)  
  58  7:56  Probe x2  
  60  8:02  Twilight Council  
  60  8:06  Warp Prism (Chrono Boost)  
  60  8:09  Robotics Bay  
  60  8:13  Probe x2  
  64  8:30  Probe x2  
  66  8:47  Probe x2  
  68  8:52  Immortal  
  72  9:07  Gateway  
  72  9:08  Gateway  
  72  9:14  Gateway  
  72  9:15  Gateway  
  72  9:18  Probe x2  
  74  9:35  Probe x2, Stalker  
  74  9:37  Pylon  
  78  9:46  Pylon  
  76  10:01  Protoss Ground Armor Level 2 (Chrono Boost)  
  76  10:02  Colossus  
  76  10:07  Protoss Ground Weapons Level 2 (Chrono Boost)  
  78  10:15  Stalker x2  
  68  10:47  Stalker x2  
  68  10:48  Stalker x4  
  80  11:31  Sentry x2  
  84  11:42  Immortal  
  88  12:12  Nexus  
  88  12:15  Pylon, Assimilator  
  88  12:16  Pylon  
  88  12:17  Pylon  
  87  12:21  Assimilator  
  93  13:22  Extended Thermal Lance  
  93  13:23  Protoss Ground Armor Level 3 (Chrono Boost)  
  93  13:48  Gateway  
  93  13:49  Protoss Ground Weapons Level 3 (Chrono Boost)  
  93  13:52  Gateway  
  93  13:58  Gateway  
  93  14:01  Gateway  
  93  14:03  Gateway  
  93  14:04  Gateway  
  93  14:07  Stalker x2  
  93  14:08  Stalker x2  
  101  14:14  Gateway  
  101  14:17  Gateway  
  101  14:19  Gateway  
  101  14:27  Gateway  
  101  14:55  Probe x2  
  101  14:56  Probe  
  104  15:31  Probe x2  
  104  15:35  Stalker  
  104  15:36  Stalker x4  
  104  15:37  Stalker x3  
  106  17:16  Protoss Shields Level 1 (Chrono Boost)  
  102  17:36  Stalker  
  102  17:37  Stalker x5  
  102  17:38  Stalker x3  
  102  17:39  Stalker x3  
  124  17:40  Stalker  
  126  17:50  Zealot  
  126  17:51  Zealot x2  
  130  18:49  Stalker  
  132  19:04  Nexus  
  132  19:05  Pylon  
  132  19:09  Pylon  
  132  19:10  Assimilator x2  
  132  19:15  Pylon  
  132  19:18  Pylon  
  132  19:22  Pylon  
  132  19:24  Pylon, Immortal  
  132  19:27  Pylon  
  132  19:29  Pylon x2  
  132  19:36  Pylon  
  132  19:39  Pylon  
  136  20:29  Dark Shrine  
  134  21:01  Blink  
  134  21:15  Stargate  
  134  21:19  Stargate x2  
  134  21:23  Stargate  
  134  21:27  Stalker x4  
  134  21:28  Stargate, Stalker x4  
  134  21:29  Stalker x4  
  158  21:30  Stalker x4  
  166  22:43  Fleet Beacon  
Show
View Real Time Build Order
Export as new Build Order

Chacal Protoss - Winner!

Build Orders:  

Get SALT Encoding   

  12  0:07  Probe (Chrono Boost)  
  13  0:30  Pylon  
  13  0:35  Probe (Chrono Boost)  
  15  0:52  Probe (Chrono Boost)  
  15  0:59  Gateway  
  15  1:16  Pylon  
  15  1:25  Assimilator  
  15  1:27  Probe (Chrono Boost)  
  16  1:43  Assimilator  
  16  1:44  Probe (Chrono Boost)  
  18  2:00  Probe (Chrono Boost)  
  18  2:05  Gateway  
  18  2:11  Forge  
  18  2:17  Probe (Chrono Boost)  
  19  2:45  Zealot  
  21  3:14  Nexus  
  21  3:27  Assimilator  
  21  3:33  Assimilator  
  21  3:45  Zealot  
  21  3:49  Pylon  
  23  4:08  Zealot  
  25  4:23  Probe (Chrono Boost), Zealot  
  28  4:39  Probe (Chrono Boost)  
  29  4:55  Zealot  
  29  4:56  Probe (Chrono Boost)  
  32  5:01  Zealot  
  34  5:13  Probe (Chrono Boost)  
  35  5:20  Cybernetics Core  
  35  5:26  Protoss Ground Armor Level 1  
  35  5:27  Gateway  
  35  5:35  Zealot  
  35  5:38  Zealot  
  39  5:59  Probe (Chrono Boost)  
  40  6:13  Zealot  
  40  6:16  Probe (Chrono Boost), Zealot  
  45  6:24  Pylon  
  45  6:33  Probe (Chrono Boost)  
  45  6:34  Probe (Chrono Boost)  
  48  6:51  Probe (Chrono Boost)  
  48  6:54  Zealot  
  48  6:58  Probe (Chrono Boost)  
  51  7:08  Probe (Chrono Boost)  
  52  7:15  Probe (Chrono Boost)  
  53  7:20  Zealot  
  55  7:32  Probe (Chrono Boost), Sentry  
  58  7:49  Probe (Chrono Boost)  
  59  7:57  Probe (Chrono Boost)  
  59  7:58  Zealot  
  62  8:05  Pylon  
  62  8:14  Pylon  
  62  8:22  Pylon  
  62  8:33  Probe x2 (Chrono Boost)  
  62  8:35  Zealot  
  62  8:36  Zealot  
  68  8:49  Probe (Chrono Boost)  
  69  9:06  Probe (Chrono Boost)  
  70  9:13  Zealot  
  70  9:14  Zealot  
  74  9:20  Twilight Council  
  74  9:23  Probe (Chrono Boost), Robotics Facility  
  75  9:32  Stargate  
  75  9:50  Sentry  
  75  9:51  Zealot  
  75  9:52  Zealot  
  81  10:00  Protoss Air Weapons Level 1  
  81  10:27  Sentry  
  81  10:29  Sentry  
  85  10:34  Zealot  
  85  11:53  Pylon  
  85  11:59  Pylon  
  85  12:03  Pylon  
  85  12:07  Pylon  
  85  12:13  Pylon  
  85  12:18  Sentry, Zealot  
  91  12:48  Probe (Chrono Boost)  
  92  12:55  Zealot  
  92  12:56  Zealot  
  96  13:00  Unknown, Zealot, Protoss Air Armor Level 1  
  96  13:05  Probe (Chrono Boost)  
  100  13:21  Probe (Chrono Boost)  
  100  13:30  Nexus  
  100  13:33  Zealot  
  100  13:34  Zealot  
  100  13:38  Probe (Chrono Boost), Zealot  
  107  13:55  Probe (Chrono Boost)  
  108  14:05  Pylon  
  108  14:11  Pylon, Zealot  
  108  14:12  Probe (Chrono Boost), Zealot  
  108  14:16  Zealot  
  108  14:18  Pylon  
  115  14:49  Zealot  
  117  14:50  Zealot  
  117  14:54  Zealot  
  117  14:59  Phoenix  
  123  15:27  Zealot  
  123  15:28  Zealot  
  127  15:32  Zealot  
  127  15:36  Oracle  
  132  16:06  Zealot  
  136  16:10  Zealot  
  138  16:29  Charge  
  138  16:44  Stalker  
  138  16:47  Unknown, Zealot  
  138  16:48  Sentry  
  142  17:00  Warp Gate  
  116  18:07  Unknown  
  116  18:08  Unknown  
  110  19:49  Unknown  
  103  20:21  Oracle  
  101  20:35  Probe (Chrono Boost)  
  102  20:51  Pylon  
  102  20:52  Probe (Chrono Boost)  
  103  21:09  Probe (Chrono Boost)  
  104  21:11  Phoenix  
  106  21:26  Probe (Chrono Boost)  
  107  21:43  Probe (Chrono Boost)  
  107  21:46  Phoenix  
Tags
 
Add a new tag
Caveats
  • Supply blocks, unpowered buildings, or Contaminate may cause inaccurate times.
  • Supply counts are checked every 10 seconds.